 Dungeon Crawl Stone Soup version 0.27-a0-1084-g78b3836a5f (webtiles) character file.

Game seed: 17015179395406291018

387 porpoise the Sneak (level 6, -5/36 HPs)
             Began as an Octopode Earth Elementalist on Apr 27, 2021.
             Slain by Edmund
             ... wielding a +0 vorpal dire flail
              (11 damage)
             ... on level 4 of the Dungeon.
             The game lasted 00:08:38 (3560 turns).

porpoise the Sneak (Octopode Earth Elementalist)    Turns: 3560, Time: 00:08:38

Health: -5/36      AC:  5    Str:  8    XL:     6   Next: 78%
Magic:  8/12       EV: 13    Int: 19    God:
Gold:   138        SH:  0    Dex: 12    Spells: 2/13 levels left

rFire    . . .     SeeInvis .   a - +1 dagger (elec)
rCold    . . .     Faith    .   (no shield)
rNeg     . . .     Spirit   .   (helmet restricted)
rPois    .         Reflect  .   (no amulet)
rElec    .         Harm     .   e - +4 ring of protection
rCorr    .         Rampage  .   (no ring)
Will     .....                  (no ring)
Stlth    ++++......             (no ring)
HPRegen  0.12/turn              (no ring)
MPRegen  0.13/turn              (no ring)
                                (no ring)
                                (no ring)

@: no status effects
A: almost no armour, amphibious, 8 rings, camouflage 1, gelatinous body 1,
(nimble swimmer 1), tentacles
a: no special abilities


You were on level 4 of the Dungeon.
You visited 1 branch of the dungeon, and saw 4 of its levels.

You collected 138 gold pieces.

Inventory:

Hand Weapons
 a - a +1 dagger of electrocution (weapon)
Missiles
 b - 92 stones
 c - 3 atropa-tipped darts
 d - 21 sling bullets
 k - a throwing net
 r - 2 poisoned darts
Jewellery
 e - a +4 ring of protection (left tentacle)
 o - an amulet of faith
Scrolls
 g - a scroll of teleportation
 h - 2 scrolls of noise {unknown}
 i - a scroll of fear {unknown}
 l - a scroll of silence {unknown}
 m - a scroll of amnesia {unknown}
 n - 3 scrolls of identify {unknown}
Potions
 f - a potion of ambrosia {unknown}
 j - 2 potions of lignification {unknown}
 p - a potion of flight {unknown}
 q - a potion of brilliance {unknown}


   Skills:
 - Level 2.0 Dodging
 + Level 5.1 Stealth
 * Level 4.3 Spellcasting
 * Level 0.6 Conjurations
 - Level 1.0 Transmutations
 - Level 5.0 Earth Magic


You had 2 spell levels left.
You knew the following spells:

 Your Spells              Type           Power      Damage    Failure   Level
a - Sandblast             Erth           46%        2d11      1%          1
c - Lee's Rapid Deconstr  Erth           11%        3d9*      43%         5
k - Blink                 Tloc           N/A        N/A       21%         2
s - Stone Arrow           Conj/Erth      28%        3d8       13%         3

Your spell library contained the following spells:

 Spells                   Type           Power      Damage    Failure   Level
 Passwall                 Tmut/Erth      12%        N/A       6%          2
 Magic Dart               Conj           24%        1d4       11%         1
 Call Imp                 Summ           4%         N/A       21%         2
 Slow                     Hex            4%         N/A       21%         2
 Conjure Flame            Conj/Fire      5%         6-21      34%         3
 Mephitic Cloud           Conj/Pois/Air  4%         N/A       36%         3
 Petrify                  Tmut/Erth      15%        N/A       36%         4


Dungeon Overview and Level Annotations

Branches:
Dungeon (4/15)
 Temple: D:4-7

Altars:

Annotations:
D:4 Edmund


Innate Abilities, Weirdness & Mutations

You cannot wear most types of armour.
You are amphibious.
You can wear up to eight rings at the same time.
Your skin changes colour to match your surroundings (Stealth+).
Your rubbery body absorbs attacks. (AC +1, EV +1)
((You are camouflaged near water. (Stealth+)))
You have tentacles for arms and can constrict up to eight enemies at once.


Message History

Press: ? - help, Shift-Dir - straight line, f/p - Edmund
Aim: Edmund, wielding a +0 vorpal dire flail and wearing a +4 chain mail of cold resistance (severely wounded, constricted by you, 100% to hit)
The blast of sand hits Edmund but does no damage.
Edmund is severely wounded.
You constrict Edmund, but do no damage. Edmund barely misses you.
You hit Edmund but do no damage.
Edmund is severely wounded.
You constrict Edmund. Edmund hits you but does no damage.
Casting: Sandblast (safe; 1% risk of failure)
Confirm with . or Enter, or press ? or * to list all spells.
Aiming: Sandblast (safe; 1% risk of failure)
Press: ? - help, Shift-Dir - straight line, f/p - Edmund
Aim: Edmund, wielding a +0 vorpal dire flail and wearing a +4 chain mail of cold resistance (severely wounded, constricted by you, 100% to hit)
The blast of sand hits Edmund but does no damage.
Edmund is severely wounded.
You constrict Edmund. Edmund closely misses you.
Casting: Sandblast (safe; 1% risk of failure)
Confirm with . or Enter, or press ? or * to list all spells.
Aiming: Sandblast (safe; 1% risk of failure)
Press: ? - help, Shift-Dir - straight line, f/p - Edmund
Aim: Edmund, wielding a +0 vorpal dire flail and wearing a +4 chain mail of cold resistance (severely wounded, constricted by you, 100% to hit)
The blast of sand hits Edmund but does no damage.
Edmund is severely wounded.
You constrict Edmund, but do no damage.
Edmund hits you with a +0 vorpal dire flail!
Casting: Sandblast (safe; 1% risk of failure)
Confirm with . or Enter, or press ? or * to list all spells.
Aiming: Sandblast (safe; 1% risk of failure)
Press: ? - help, Shift-Dir - straight line, f/p - Edmund
Aim: Edmund, wielding a +0 vorpal dire flail and wearing a +4 chain mail of cold resistance (severely wounded, constricted by you, 100% to hit)
The blast of sand hits Edmund but does no damage.
Edmund is severely wounded.
You constrict Edmund.
Edmund hits you with a +0 vorpal dire flail.
* * * LOW HITPOINT WARNING * * *
x2 You hit Edmund but do no damage.
Edmund is almost dead.
You constrict Edmund.
Edmund hits you with a +0 vorpal dire flail!
You die...

### ########.#
......@@.#
########.# #.#
#######.#######
...............
........#######
###...........#
+...........#
#...........#####


You could see Edmund.

Vanquished Creatures
  A water moccasin (D:3)
  An ogre (D:3)
  A howler monkey (D:4)
  A hound (D:4)
  An orc priest (D:3)
  5 adders
  A worm (D:3)
  7 orcs
  6 ball pythons
  5 bats
  5 endoplasms
  A giant cockroach (D:3)
  5 goblins
  3 hobgoblins
  3 jackals (D:3)
  6 kobolds
  A quokka (D:2)
  2 frilled lizards
  3 rats
58 creatures vanquished.

Vanquished Creatures (others)
  2 plants (D:4)
2 creatures vanquished.

Grand Total: 60 creatures vanquished

Notes
Turn   | Place    | Note
-------+----------+-------------------------------------------
     0 | D:1      | porpoise the Octopode Earth Elementalist began the quest
                  | for the Orb.
     0 | D:1      | Reached XP level 1. HP: 11/11 MP: 3/3
   186 | D:1      | Reached XP level 2. HP: 16/17 MP: 1/5
   267 | D:1      | Found a faded altar of an unknown god.
  1203 | D:2      | Reached XP level 3. HP: 19/21 MP: 6/6
  1698 | D:3      | Reached XP level 4. HP: 27/27 MP: 6/8
  2143 | D:3      | Noticed an ogre
  2151 | D:3      | Killed an ogre
  2152 | D:3      | Reached XP level 5. HP: 28/31 MP: 4/10
  2373 | D:3      | Noticed a water moccasin
  2387 | D:3      | Killed a water moccasin
  2388 | D:3      | Reached XP level 6. HP: 36/36 MP: 5/12
  2465 | D:3      | Learned a level 3 spell: Stone Arrow
  2531 | D:2      | Learned a level 5 spell: Lee's Rapid Deconstruction
  2534 | D:2      | Learned a level 2 spell: Blink
  3190 | D:4      | Reached skill level 5 in Stealth
  3190 | D:4      | Reached skill level 5 in Earth Magic
  3550 | D:4      | Noticed Edmund
  3560 | D:4      | Slain by Edmund

Illustrated notes

Levels and vault maps discovered:
D:1:      heliophobic_arrival_dark_side_of_the_moon, layout_loops_corners,
          ebering_ecumenical_altar_sacrificial
D:2:      layout_rooms
D:3:      layout_basic
D:4:      corexii_shack_village, layout_basic, uniq_edmund

Skill      XL: |  1  2  3  4  5  6 |
---------------+-------------------+-----
Stealth        | 3 4 5 |  5.1
Spellcasting   | 3 4 |  4.3
Earth Magic    | 4 5 |  5.0
Dodging        | |  2.0
Conjurations   | |  0.6
Transmutations | |  1.0

Action                   |  1- 3 |  4- 6 || total
-------------------------+-------+-------++-------
Melee: Unarmed           |    13 |       ||    13
       Constrict         |    13 |    10 ||    23
       Tentacles         |    10 |     3 ||    13
       Dagger            |    40 |    37 ||    77
 Cast: Sandblast         |     5 |    39 ||    44
  Use: Scroll            |       |     1 ||     1
 Stab: Sleeping          |     8 |     2 ||    10
Armor: Skin              |    12 |    15 ||    27
Dodge: Dodged            |    26 |    38 ||    64

Table legend: (Time is in decaauts)
 A = Elapsed time spent in this place.
 B = Non-inter-level travel time spent in this place.
 C = Inter-level travel time spent in this place.
 D = Time resting spent in this place.
 E = Time spent auto-exploring this place.
 F = Levels seen in this place.
 G = Mean time per level.
                   A        B        C        D        E       F      G
               +--------+--------+--------+--------+--------+-----+--------+
         Total |   3564 |   3441 |    123 |   1183 |   1723 |   4 |  891.0 |
       Dungeon |   3564 |   3441 |    123 |   1183 |   1723 |   4 |  891.0 |
               +--------+--------+--------+--------+--------+-----+--------+

Top non-repeatable levels by time:
     D:3: 1263 daAuts
     D:1: 1093 daAuts
     D:2: 916 daAuts
     D:4: 291 daAuts
